 Dungeon Crawl Stone Soup version 0.28.0-43-g3370ac3207 (webtiles) character file.

Game seed: 8179348067080936577

925 RatsInWalls the Cudgeller (level 7, -8/106 HPs)
             Began as a Troll Berserker on Mar 31, 2022.
             Was a Believer of Trog.
             Mangled by a vampire mosquito (11 damage)
             ... on level 4 of the Dungeon.
             The game lasted 00:09:15 (3893 turns).

RatsInWalls the Cudgeller (Troll Berserker)         Turns: 3893, Time: 00:09:15

Health: -8/106     AC:  4    Str: 28    XL:     7   Next: 84%
Magic:  6/6        EV: 10    Int:  3    God:    Trog [**....]
Gold:   224        SH:  0    Dex:  9    Spells: 6/6 levels left

rFire   . . .      SeeInvis .   r - +0 morningstar
rCold   . . .      Faith    .   (no shield)
rNeg    . . .      Spirit   .   b - +0 animal skin
rPois   .          Reflect  .   (helmet restricted)
rElec   .          Harm     .   (no cloak)
rCorr   .          Rampage  .   (gloves unavailable)
Will    ++...                   (boots unavailable)
Stlth   ..........              (no amulet)
HPRegen 2.07/turn               (no ring)
MPRegen 0.10/turn               (no ring)

@: berserking, strong-willed, regenerating, very quick
A: large, unfitting armour, claws 3, regeneration 1, shaggy fur 1, tough skin 1
a: Renounce Religion, Berserk, Trog's Hand


You were on level 4 of the Dungeon.
You worshipped Trog.
Trog was pleased with you.
You visited 1 branch of the dungeon, and saw 5 of its levels.

You collected 224 gold pieces.

Inventory:

Hand Weapons
 a - a +1 mace
 r - a +0 morningstar (weapon)
 t - a +0 dire flail
Missiles
 u - 2 boomerangs (quivered)
Armour
 b - a +0 animal skin (worn)
Jewellery
 w - a ring of ice
Wands
 o - a wand of charming (14)
Scrolls
 h - a scroll of magic mapping
 i - a scroll of torment {unknown}
 l - a scroll of immolation
 n - a scroll of identify {unknown}
 s - a scroll of summoning {unknown}
 v - a scroll of enchant weapon
Potions
 c - a potion of flight {unknown}
 d - a potion of curing
 e - a potion of magic {unknown}
 f - 2 potions of mutation {unknown}
 g - a potion of degeneration {unknown}
 j - a potion of might {unknown}
 k - a potion of ambrosia {unknown}
 m - a potion of resistance {unknown}
 p - 2 potions of haste {unknown}
 q - a potion of attraction {unknown}


   Skills:
 + Level 4.5 Fighting
 + Level 6.2 Maces & Flails
 * Level 1.1 Armour
 + Level 4.0 Dodging
 + Level 0.5 Stealth


You had 6 spell levels left.
You didn't know any spells.
Your spell library was empty.

Dungeon Overview and Level Annotations

Branches:
Dungeon (5/15)
 Temple: D:4-7

Altars:
Dithmenos
Elyvilon
Hepliaklqana
Okawaru
Sif Muna
Trog
Xom


Innate Abilities, Weirdness & Mutations

You are too large for most types of armour.
You have claws for hands.
Your natural rate of healing is unusually fast.
You are covered in fur. (AC +1)
You have tough skin. (AC +1)


Message History

* * * LOW HITPOINT WARNING * * *
The vampire mosquito draws strength from your injuries!
The vampire mosquito bites you!
* * * LOW HITPOINT WARNING * * *
The vampire mosquito draws strength from your injuries!
You climb upwards.
There is a stone staircase leading down here.
You feel better.
The vampire mosquito barely misses you. x2
Okay, then.
Okay, then.
Your skin crawls.
You feel strong-willed. The vampire mosquito bites you!
* * * LOW HITPOINT WARNING * * *
The vampire mosquito draws strength from your injuries!
Unknown command.
A red film seems to cover your vision as you go berserk!
You feel yourself moving faster!
You feel mighty! The vampire mosquito misses you.
The vampire mosquito barely misses you.
You miss the vampire mosquito.
The vampire mosquito closely misses you.
The vampire mosquito barely misses you.
You closely miss the vampire mosquito. The vampire mosquito bites you!
* * * LOW HITPOINT WARNING * * *
The vampire mosquito draws strength from your injuries!
You puncture the vampire mosquito!
The vampire mosquito is moderately damaged.
The vampire mosquito bites you but does no damage.
The vampire mosquito bites you!
* * * LOW HITPOINT WARNING * * *
The vampire mosquito draws strength from your injuries!
You barely miss the vampire mosquito.
The vampire mosquito is lightly damaged.
The vampire mosquito bites you.
* * * LOW HITPOINT WARNING * * *
The vampire mosquito draws strength from your injuries!
You closely miss the vampire mosquito.
The vampire mosquito is lightly damaged.
The vampire mosquito bites you!
You die...

.##..)###........#.....#
.#...#[#...##....'.....#
....###...###....#.....#
...###...##.#....#.....#
..##....##..#....#.....#
.###_).##...#....#...†.#
..##..##....#....#.....#
..######....#....#.....#
......##....#..y@#######
......##....#....#.....#
..##..##....#....#.....#
..######....#....'.....#
...#..#.....#....#.....#
...#..'.....#....#.....#
...#..#.....#....#.<...#
...'..#######....#.....#
####..#......†...#.....#


You could see a vampire mosquito.

Vanquished Creatures
  Sigmund (D:2)
  An orc warrior (D:4)
  A scorpion (D:5)
  A water moccasin zombie (D:4)
  A water moccasin skeleton (D:4)
  A gnoll shaman (D:5)
  3 orc priests
  2 hounds
  4 iguanas
  2 orc wizards
  A scorpion zombie (D:5)
  6 adders
  3 gnolls (D:5)
  An adder skeleton (D:4)
  3 dart slugs
  6 orcs
  6 ball pythons
  5 endoplasms
  9 giant cockroaches
  3 goblins
  3 hobgoblins
  3 jackals (D:1)
  10 kobolds
  A quokka (D:4)
  3 bats
  7 frilled lizards
  6 rats
93 creatures vanquished.

Notes
Turn   | Place    | Note
-------+----------+-------------------------------------------
     0 | D:1      | RatsInWalls the Troll Berserker began the quest for the
                  | Orb.
     0 | D:1      | Reached XP level 1. HP: 22/22 MP: 0/0
   105 | D:1      | Reached XP level 2. HP: 29/29 MP: 1/1
   149 | D:1      | Reached skill level 3 in Maces & Flails
   700 | D:2      | Reached XP level 3. HP: 36/36 MP: 2/2
   820 | D:2      | Reached ** piety under Trog
   918 | D:2      | Found a faded altar of an unknown god.
   978 | D:2      | Noticed Sigmund
   988 | D:2      | Killed Sigmund
   989 | D:2      | Reached skill level 4 in Maces & Flails
   989 | D:2      | Reached XP level 4. HP: 45/45 MP: 3/3
   989 | D:2      | Reached XP level 5. HP: 53/53 MP: 4/4
  1313 | D:3      | Found a shimmering altar of Xom.
  1314 | D:3      | Found a hazy altar of Hepliaklqana.
  1315 | D:3      | Noticed a spectral ugly thing
  1997 | D:4      | Reached XP level 6. HP: 43/62 MP: 5/5
  2346 | D:4      | Reached skill level 5 in Maces & Flails
  2566 | D:4      | Found an iron altar of Okawaru.
  2603 | D:4      | Identified the +8 spear of Trauma {holy, Str+2}
  2710 | D:4      | Found a shimmering blue altar of Sif Muna.
  2728 | D:4      | Found a bloodstained altar of Trog.
  2728 | D:4      | Noticed an orc warrior
  2739 | D:4      | Killed an orc warrior
  2740 | D:4      | Reached XP level 7. HP: 32/70 MP: 6/6
  2891 | D:5      | Entered Level 5 of the Dungeon
  2970 | D:5      | Found a shadowy altar of Dithmenos.
  2997 | D:5      | Found a white marble altar of Elyvilon.
  3360 | D:5      | Reached skill level 6 in Maces & Flails
  3495 | D:5      | Reached skill level 1 in Armour
  3859 | D:5      | Noticed a vampire mosquito
  3859 | D:5      | Noticed a vampire mosquito
  3892 | D:4      | HP: 2/106 [vampire mosquito (6)]
  3893 | D:4      | Mangled by a vampire mosquito

Illustrated notes

Levels and vault maps discovered:
D:1:      lemuel_arrival_lava_pool, layout_basic, minmay_lizard_pond
D:2:      layout_loops_cross, shapermc_ecumenical_altar_mp_ritualfount,
          uniq_sigmund
D:3:      layout_loops_ring, regret_index_temple_of_mockery
D:4:      layout_gridville, okawaru_ov_weapons_minmay,
          nzn_overflow_gifts_of_might_and_magic, minmay_parallelograms,
          guppyfry_early_lair_pool
D:5:      layout_basic, nicolae_overflow_crystal_walls, amcnicky_altar_gilded,
          dk_rats_in_the_wall, uniq_crazy_yiuf_cottage

Skill      XL: |  1  2  3  4  5  6  7 |
---------------+----------------------+-----
Maces & Flails | 3 4 5 6 |  6.2
Fighting       | 3 4 |  4.5
Dodging        | 3 4 |  4.0
Armour         | 1 |  1.1
Stealth        | |  0.5

Action                   |  1- 3 |  4- 6 |  7- 9 || total
-------------------------+-------+-------+-------++-------
Melee: Mace              |   124 |   121 |       ||   245
       Punch             |     1 |     1 |     1 ||     3
       Morningstar       |       |    23 |   102 ||   125
Throw: Boomerang         |       |       |     1 ||     1
Invok: Berserk           |     1 |     2 |     2 ||     5
       Trog's Hand       |     1 |     1 |     2 ||     4
  Use: Scroll            |       |     3 |     1 ||     4
       Potion            |       |       |     2 ||     2
 Stab: Sleeping          |       |     1 |       ||     1
Armor: Animal skin       |    74 |    50 |    16 ||   140
Dodge: Dodged            |   110 |    80 |    66 ||   256
